 Dungeon Crawl Stone Soup version 0.29-a0-994-gc5c9f59d18 (webtiles) character file.

Game seed: 13764433616780306564

1360 gelatine the Ducker (level 8, -6/58 HPs)
             Began as a Demonspawn Gladiator on Aug 3, 2022.
             Was a Follower of Vehumet.
             Mangled by a very large slime creature (41 damage)
             ... on level 7 of the Dungeon.
             The game lasted 00:19:13 (5747 turns).

gelatine the Ducker (Demonspawn Gladiator)          Turns: 5747, Time: 00:19:14

Health: -6/58      AC: 21    Str: 22    XL:     8   Next: 37%
Magic:  8/12       EV: 18    Int:  8    God:    Vehumet [*.....]
Gold:   275        SH:  0    Dex: 13    Spells: 9/12 levels left

rFire   . . .      SeeInvis .   v - +4 quarterstaff (chaos)
rCold   . . .      Faith    .   (shield currently unavailable)
rNeg    . . .      Spirit   .   b - +0 leather armour
rPois   .          Reflect  .   H - +0 helmet
rElec   .          Harm     .   w - +1 cloak
rCorr   .          Rampage  .   J - +0 pair of gloves
Will    +....                   A - +0 pair of boots
Stlth   ++........              f - amulet of regeneration
HPRegen 0.99/turn               n - ring of willpower
MPRegen 0.13/turn               x - +4 ring of protection

@: agile, sanguine armoured
A: demonic guardian 1, powered by pain 2, sanguine armour 2, strong 1, noise
suppression
a: Renounce Religion


You were on level 7 of the Dungeon.
You worshipped Vehumet.
Vehumet was aware of your devotion.
You visited 1 branch of the dungeon, and saw 7 of its levels.

You collected 299 gold pieces.
You spent 24 gold pieces at shops.

Inventory:

Hand Weapons
 a - a +0 war axe
 r - a +0 short sword of venom
 v - a +4 quarterstaff of chaos (weapon)
 N - a +3 battleaxe of freezing
Missiles
 g - 7 poisoned darts (quivered)
 o - a javelin
 K - 2 silver javelins
Armour
 b - a +0 leather armour (worn)
 c - a +0 helmet
 w - a +1 cloak (worn)
 z - a +0 chain mail
 A - a +0 pair of boots (worn)
 B - a +0 plate armour
 H - a +0 helmet (worn)
 J - a +0 pair of gloves (worn)
 M - a +0 ring mail
Magical Staves
 i - a staff of fire
Jewellery
 f - an amulet of regeneration (around neck)
 n - a ring of willpower (left hand)
 x - a +4 ring of protection (right hand)
Wands
 d - a wand of roots (8)
Scrolls
 e - 4 scrolls of magic mapping
 j - 3 scrolls of immolation
 k - a scroll of amnesia
 l - a scroll of teleportation
 m - 3 scrolls of poison
 t - a scroll of silence {unknown}
 y - a scroll of brand weapon
 D - a scroll of fear
 E - a scroll of blinking {unknown}
 I - a scroll of identify
 L - a scroll of acquirement {unknown}
Potions
 h - a potion of haste {unknown}
 p - 2 potions of might
 q - 4 potions of lignification
 s - a potion of cancellation
 u - a potion of magic
 C - a potion of heal wounds {unknown}
 F - 2 potions of brilliance {unknown}
 G - 4 potions of curing
 O - a potion of ambrosia {unknown}


   Skills:
 + Level 3.1 Fighting
 + Level 3.7 Axes
 + Level 3.6 Staves
 + Level 2.7 Throwing
 + Level 3.0 Armour
 + Level 4.2 Dodging
 + Level 2.3 Stealth
 * Level 2.7 Spellcasting
 * Level 2.9 Hexes
 + Level 0.2 Fire Magic
 * Level 2.4 Ice Magic
 + Level 0.8 Evocations


You had 9 spell levels left.
You knew the following spells:

 Your Spells              Type           Power      Damage    Failure   Level
a - Ensorcelled Hibernat  Hex/Ice        10%        N/A       19%         2
b - Freeze                Ice            20%        1d4       14%         1

Your spell library contained the following spells:

 Spells                   Type           Power      Damage    Failure   Level
 Spider Form              Tmut/Pois      1%         N/A       75%         3
 Anguish                  Hex/Necr       1%         N/A       91%         4


Dungeon Overview and Level Annotations

Branches:
Dungeon (7/15)
 Temple: D:4-7

Altars:
Kikubaaqudgha
Makhleb
Trog
Vehumet

Shops:
D:1 [   D:3 *   D:4 =(?(*


Innate Abilities, Weirdness & Mutations

A weak demonic guardian rushes to your aid.
You sometimes gain power by taking damage.
When seriously injured, your blood forms thick armour. (AC +9)
Your muscles are strong. (Str +4, Int/Dex -1)
You passively dampen the noise of your surroundings.


Message History

The slime creature is lightly wounded.
Two slime creatures merge to form a large slime creature.
Casting: Freeze (safe; 14% risk of failure)
Confirm with . or Enter, or press ? or * to list all spells.
Aiming: Freeze (safe; 14% risk of failure)
Press: ? - help, Shift-Dir - straight line, f/p - large slime creature
Aim: a large slime creature (lightly wounded)
You freeze the large slime creature.
The large slime creature is lightly wounded.
Casting: Freeze (safe; 14% risk of failure)
Confirm with . or Enter, or press ? or * to list all spells.
Aiming: Freeze (safe; 14% risk of failure)
Press: ? - help, Shift-Dir - straight line, f/p - large slime creature
Aim: a large slime creature (lightly wounded)
You freeze the large slime creature.
The large slime creature is lightly wounded.
The large slime creature hits you!
Casting: Freeze (safe; 14% risk of failure)
Confirm with . or Enter, or press ? or * to list all spells.
Aiming: Freeze (safe; 14% risk of failure)
Press: ? - help, Shift-Dir - straight line, f/p - large slime creature
Aim: a large slime creature (lightly wounded)
You freeze the large slime creature.
The large slime creature is lightly wounded.
The large slime creature hits you but does no damage.
You barely miss the large slime creature.
The large slime creature is lightly wounded.
The large slime creature misses you.
You sock the large slime creature!
The large slime creature is lightly wounded.
The large slime creature hits you!!
You focus on the pain.
You feel agile all of a sudden.
Your blood congeals into armour.
Two slime creatures merge to form a very large slime creature.
You hit the very large slime creature.
The very large slime creature flickers and vanishes!
Deactivating autopickup; reactivate with Ctrl-A.
You sock something!
You feel better. Something hits you!!!
Ouch! That really hurt!
You die...

#..####.# #.....#.#
#.. #...#.#.# ...
#...#.#.# ...#
#...#.#.#
##..##...#.#.#
........<#.#.#
#.###.##.#@#
#........#{#
####..#......#
#.....#..........#
#.###.###.#...###..###
#.......#....... ..#
#####...##..<.###....
#####...+...#... .....
........##..####
.#####


There were no monsters in sight!

Vanquished Creatures
  A water moccasin (D:5)
  An ice beast (D:7)
  An ogre (D:2)
  2 phantoms
  4 scorpions
  A necrophage (D:6)
  5 wights (D:7)
  4 hounds
  A jelly (D:6)
  Crazy Yiuf (D:3)
  Natasha (twice) (D:3)
  4 adders
  A white imp (D:6)
  2 worms
  2 orcs (D:3)
  5 ball pythons
  9 bats
  A bat zombie (D:4)
  7 endoplasms
  3 giant cockroaches
  5 goblins
  9 hobgoblins
  7 kobolds
  4 quokkas
  7 frilled lizards
  5 rats
  2 rat zombies (D:4)
96 creatures vanquished.

Vanquished Creatures (collateral kills)
  Natasha (D:3)
  3 orcs (D:3)
  A frilled lizard (D:3)
5 creatures vanquished.

Grand Total: 101 creatures vanquished

Notes
Turn   | Place    | Note
-------+----------+-------------------------------------------
     0 | D:1      | gelatine the Demonspawn Gladiator began the quest for the
                  | Orb.
     0 | D:1      | Reached XP level 1. HP: 16/16 MP: 1/1
   234 | D:1      | Found a faded altar of an unknown god.
   279 | D:1      | You fall into a shaft and drop 1 floor!
   285 | D:2      | Gained mutation: You sometimes gain a little power by
                  | taking damage. [demonic ancestry]
   285 | D:2      | Reached XP level 2. HP: 22/22 MP: 2/2
   446 | D:1      | Reached skill level 3 in Dodging
   700 | D:1      | Found Zuriycwe's Armour Shop.
   931 | D:2      | Gained mutation: You passively dampen the noise of your
                  | surroundings. [potion of mutation]
   931 | D:2      | Gained mutation: Your muscles are strong. (Str +4, Int/Dex
                  | -1) [potion of mutation]
  1062 | D:2      | Gained mutation: You sometimes gain power by taking damage.
                  | [demonic ancestry]
  1062 | D:2      | Reached XP level 3. HP: 27/27 MP: 3/3
  1414 | D:2      | Noticed an ogre
  1424 | D:2      | Killed an ogre
  1425 | D:2      | Reached skill level 1 in Staves
  1425 | D:2      | Reached skill level 1 in Armour
  1425 | D:2      | Gained mutation: When seriously injured, your blood forms
                  | armour. (AC +9) [demonic ancestry]
  1425 | D:2      | Reached XP level 4. HP: 34/34 MP: 5/5
  1596 | D:3      | Gained mutation: A weak demonic guardian rushes to your
                  | aid. [demonic ancestry]
  1596 | D:3      | Reached XP level 5. HP: 39/39 MP: 6/6
  1976 | D:3      | Noticed Natasha
  1981 | D:3      | Killed Natasha
  2148 | D:3      | Found a runed translucent door.
  2149 | D:3      | Noticed Crazy Yiuf
  2210 | D:3      | Noticed Natasha
  2222 | D:3      | Killed Natasha
  2247 | D:3      | Found Acsaduw's Assorted Antiques.
  2343 | D:3      | Found a radiant altar of Vehumet.
  2363 | D:3      | Found a burning altar of Makhleb.
  2365 | D:3      | Found a bloodstained altar of Trog.
  2367 | D:3      | Found a faded altar of an unknown god.
  2525 | D:3      | Killed Crazy Yiuf
  2603 | D:4      | Found Movoag's General Store.
  2607 | D:4      | Learned a level 2 spell: Ensorcelled Hibernation
  2820 | D:4      | Found Xuixewk's Jewellery Emporium.
  2860 | D:4      | Found Wighoato's Antique Weapon Boutique.
  3125 | D:4      | Found Lysedyjy's Magic Scroll Shop.
  3128 | D:4      | Bought a scroll of identify for 24 gold pieces
  3177 | D:4      | Reached XP level 6. HP: 46/46 MP: 7/7
  3210 | D:4      | Found Dozumycs's Antique Weapon Shoppe.
  3221 | D:4      | Reached skill level 1 in Spellcasting
  3248 | D:4      | Found an ancient bone altar of Kikubaaqudgha.
  3994 | D:3      | Became a worshipper of Vehumet
  4047 | D:3      | Noticed Natasha
  4160 | D:3      | Killed Natasha
  4161 | D:3      | Reached skill level 1 in Stealth
  4181 | D:5      | Entered Level 5 of the Dungeon
  4272 | D:5      | Noticed a water moccasin
  4281 | D:5      | Killed a water moccasin
  4282 | D:5      | Reached skill level 1 in Hexes
  4282 | D:5      | Reached skill level 1 in Ice Magic
  4282 | D:5      | Gained mutation: When seriously injured, your blood forms
                  | thick armour. (AC +9) [demonic ancestry]
  4282 | D:5      | Reached XP level 7. HP: 23/51 MP: 7/9
  4521 | D:5      | Reached skill level 4 in Dodging
  5151 | D:6      | Reached XP level 8. HP: 54/57 MP: 9/11
  5638 | D:7      | Reached * piety under Vehumet
  5638 | D:7      | Offered knowledge of Freeze by Vehumet.
  5648 | D:7      | Learned a level 1 spell: Freeze
  5732 | D:7      | Noticed a slime creature
  5732 | D:7      | Noticed a slime creature
  5732 | D:7      | Noticed a slime creature
  5747 | D:7      | Mangled by a very large slime creature

Illustrated notes

Levels and vault maps discovered:
D:1:      wander_arrival_estate, layout_basic, serial_shops,
          nicolae_lakefront_shop, chequers_ecumenical_altar_island,
          kennysheep_decorative_pillar
D:2:      layout_loops_ring
D:3:      layout_loops_ring, chequers_temple_overflow_minitemple, serial_shops,
          nicolae_shop_temple_entry_statues_fountains, uniq_natasha,
          uniq_crazy_yiuf_cottage
D:4:      layout_layer_cave, lemuel_zombie_altar_kikubaaqudgha, serial_shops,
          shop, kennysheep_mini_moat, shop, nicolae_square_shop, shop_fountains,
          grunt_ministairs_14
D:5:      layout_loops_ring, minmay_statues_item
D:6:      layout_loops_ring, minivault_26
D:7:      layout_basic, mainiacjoe_overflow_alcove_3,
          minmay_temple_entry_gardened_gates, serial_corexii_hall,
          corexii_hall_statues_i, corexii_hall_statues_l,
          corexii_hall_statues_i, corexii_hall_statues_i

Skill      XL: |  1  2  3  4  5  6  7  8 |
---------------+-------------------------+-----
Throwing       | 2 |  2.7
Dodging        | 3 4 |  4.2
Axes           | 3 |  3.7
Staves         | 1 3 |  3.6
Armour         | 1 2 3 |  3.0
Spellcasting   | 1 2 |  2.7
Stealth        | 1 2 |  2.3
Hexes          | 1 2 |  2.9
Ice Magic      | 1 2 |  2.4
Fighting       | 3 |  3.1
Fire Magic     | |  0.2
Evocations     | |  0.8

Action                   |  1- 3 |  4- 6 |  7- 9 || total
-------------------------+-------+-------+-------++-------
Melee: War axe           |    58 |    72 |       ||   130
       Staff             |    81 |       |       ||    81
       Quarterstaff      |       |    38 |    79 ||   117
       Punch             |       |     1 |       ||     1
Throw: Throwing net      |     2 |     1 |       ||     3
       Javelin           |       |     2 |       ||     2
       Dart              |       |    16 |     8 ||    24
 Cast: Ensorcelled Hiber |       |       |     3 ||     3
       Freeze            |       |       |     6 ||     6
  Use: Potion            |     2 |     1 |       ||     3
       Scroll            |     1 |    10 |       ||    11
 Stab: Held in net/web   |     1 |       |       ||     1
       Paralysed         |       |     1 |     1 ||     2
       Sleeping          |       |       |     4 ||     4
Armor: Leather armour    |    68 |    40 |    25 ||   133
Dodge: Dodged            |   126 |    92 |    40 ||   258

Table legend: (Time is in decaauts)
 A = Elapsed time spent in this place.
 B = Non-inter-level travel time spent in this place.
 C = Inter-level travel time spent in this place.
 D = Time resting spent in this place.
 E = Time spent auto-exploring this place.
 F = Levels seen in this place.
 G = Mean time per level.
                   A        B        C        D        E       F      G
               +--------+--------+--------+--------+--------+-----+--------+
         Total |   5829 |   5302 |    527 |     75 |   3963 |   7 |  832.7 |
       Dungeon |   5829 |   5302 |    527 |     75 |   3963 |   7 |  832.7 |
               +--------+--------+--------+--------+--------+-----+--------+

Top non-repeatable levels by time:
     D:4: 1330 daAuts
     D:3: 1289 daAuts
     D:1: 899 daAuts
     D:2: 730 daAuts
     D:6: 708 daAuts
     D:5: 660 daAuts
     D:7: 210 daAuts
